Map: Deathaura LE

Players

Nordres

  • Race: Terran Terran
  • League: Master
  • Spawn Location: 11:00

Munte - Winner!

  • Race: Zerg Zerg
  • Spawn Location: 5:00

VOD

Have the link to the VOD?

Description

Time

  • Played on: Sept. 9, 2020, 5:29 a.m.
  • Length: 19:25
Show
View Real Time Build Order
Export as new Build Order

Nordres Terran 

Build Orders: Hellion Opening, Liberator Opening, Reaper Expand 

Get SALT Encoding   

  12  0:00  SCV  
  13  0:12  SCV  
  14  0:17  Supply Depot  
  14  0:24  SCV  
  15  0:39  SCV  
  15  0:41  Barracks  
  16  0:48  Refinery  
  16  0:51  SCV  
  17  1:03  SCV  
  18  1:15  SCV  
  19  1:28  Orbital Command  
  19  1:31  Reaper  
  20  1:42  Command Center  
  20  1:53  SCV  
  21  1:56  Supply Depot  
  21  2:04  Marine  
  22  2:09  Factory  
  22  2:13  SCV  
  23  2:26  SCV  
  23  2:31  Barracks Reactor  
  23  2:47  SCV  
  24  2:53  Command Center  
  24  2:56  Orbital Command  
  24  2:59  SCV  
  25  3:11  SCV  
  26  3:13  Refinery  
  26  3:14  Hellion x2  
  30  3:21  Supply Depot, Starport  
  29  3:35  Hellion x2  
  33  3:48  Barracks Tech Lab  
  33  3:52  SCV x2  
  35  3:56  Hellion  
  35  3:57  Hellion  
  35  3:59  Supply Depot  
  38  4:04  SCV  
  38  4:05  Orbital Command  
  39  4:13  Liberator  
  42  4:21  Hellion  
  42  4:22  Hellion  
  46  4:26  SCV x2  
  48  4:31  SCV  
  48  4:38  SCV x2  
  51  4:43  SCV  
  52  4:48  Barracks  
  52  4:51  Barracks  
  52  5:09  Bunker  
  52  5:17  Barracks  
  52  5:19  Siege Tank  
  52  5:20  Marine x2  
  57  5:21  Liberator  
  57  5:26  SCV x3  
  63  5:36  Barracks Tech Lab  
  63  5:38  Barracks Reactor, SCV x3  
  66  5:50  Marine x2  
  66  5:52  Siege Tank  
  71  5:58  SCV x3, Engineering Bay x2  
  71  6:00  Stimpack  
  71  6:03  Marine  
  75  6:06  Barracks Reactor  
  75  6:10  SCV  
  76  6:21  Marine  
  77  6:49  Terran Infantry Weapons Level 1, Terran Infantry Armor Level 1  
  77  6:51  Refinery  
  77  7:08  Bunker  
  77  7:11  Viking, Supply Depot, Marine x6  
  77  7:12  Marauder  
  87  7:17  Supply Depot  
  87  7:19  Armory  
  85  7:27  Barracks  
  85  7:29  Marine x3  
  88  7:33  Marauder  
  88  7:36  SCV  
  88  7:37  SCV x2  
  79  7:41  Refinery  
  79  7:42  Siege Tank  
  82  7:47  Marine  
  82  7:51  Marine x2, Barracks Tech Lab  
  85  8:01  Orbital Command  
  85  8:22  Medivac x2  
  74  8:36  Marine x4  
  74  8:38  Barracks Tech Lab  
  77  8:52  SCV x3  
  77  8:55  Marine x4  
  80  8:56  Marauder x2  
  80  8:57  Terran Infantry Armor Level 2, Terran Infantry Weapons Level 2  
  88  9:04  SCV x2  
  88  9:05  Marauder  
  92  9:10  Supply Depot x2  
  92  9:11  Supply Depot  
  92  9:12  Supply Depot  
  92  9:13  Missile Turret, Marine x4  
  92  9:14  Missile Turret  
  92  9:15  Missile Turret  
  96  9:18  SCV, Missile Turret, Marauder x2  
  101  9:31  Concussive Shells, SCV x3, Marine x2, Siege Tank  
  101  9:32  Marine  
  101  9:34  Missile Turret  
  107  9:41  Marine x4  
  107  9:43  SCV x2  
  113  9:47  Missile Turret  
  113  9:49  Marauder, Marine x2  
  113  9:51  Supply Depot  
  117  9:59  Marine x2  
  123  10:00  Marauder x2  
  123  10:02  Factory  
  123  10:03  Siege Tank  
  123  10:06  Marine  
  127  10:07  Missile Turret  
  127  10:10  SCV x3  
  127  10:11  Marauder  
  127  10:12  Refinery  
  127  10:13  Supply Depot, Refinery  
  134  10:21  Marine  
  134  10:22  Marine x2  
  134  10:23  Medivac x2, Command Center  
  134  10:24  Command Center  
  142  10:35  Siege Tank  
  142  10:36  Supply Depot  
  136  11:02  Factory Tech Lab  
  126  11:17  Marine  
  117  11:18  Marine  
  117  11:20  Marine x2  
  117  11:21  Marine  
  117  11:23  Marine  
  117  11:34  Terran Infantry Weapons Level 3, Terran Infantry Armor Level 3  
  117  11:36  Marine x2, Siege Tank x2  
  125  11:41  Marine x3  
  128  11:51  Marine x2  
  128  11:53  Marine  
  133  11:54  Marauder  
  133  11:59  Marine x2  
  135  12:08  Siege Tank x2  
  139  12:10  Marauder  
  139  12:12  Marauder  
  145  12:15  Marauder  
  145  12:18  Planetary Fortress  
  145  12:44  SCV  
  145  12:45  SCV x2  
  136  12:52  Marine x4  
  136  12:53  Marauder x2, Marine  
  136  12:57  SCV x2  
  88  13:06  Siege Tank x2  
  88  13:09  Marine  
  88  13:10  Marine x3  
  88  13:11  Marauder  
  100  13:14  Medivac x2, Marine x2  
  100  13:15  Barracks x2  
  101  13:27  Marine  
  101  13:28  Marine x3  
  101  13:31  Missile Turret x2  
  101  13:32  Marauder x2  
  101  13:33  Marauder  
  111  13:38  Siege Tank x2  
  117  13:44  Medivac  
  117  13:45  Marine  
  120  13:49  Marine x3  
  120  13:53  Combat Shield, Marine  
  120  13:54  Marauder x2  
  128  13:59  SCV x4  
  128  14:02  Planetary Fortress  
  132  14:03  Marine  
  132  14:07  Marine x3  
  136  14:11  SCV x4  
  136  14:12  Marauder  
  136  14:15  Marauder x2  
  146  14:17  Missile Turret  
  146  14:21  Marine  
  147  14:25  Marine  
  147  14:26  Missile Turret  
  148  14:33  Medivac x2  
  148  14:38  Missile Turret  
  152  14:44  Marine x3  
  155  14:48  Barracks Reactor  
  155  14:51  Barracks Tech Lab  
  155  15:00  Command Center  
  155  15:10  Marine  
  155  15:11  Marine  
  155  15:19  Marine x2  
  155  15:21  Marauder x2  
  155  15:22  Marine  
  155  15:23  Marauder  
  155  15:26  Supply Depot  
  155  15:27  Supply Depot  
  155  15:28  Supply Depot, Marine  
  145  15:29  Marine  
  145  15:32  Marine  
  145  15:33  Marine  
  145  15:35  Siege Tank x2  
  134  15:37  Marine x2  
  134  15:41  Marauder  
  134  15:42  Marauder x2  
  124  15:44  Marauder  
  124  15:45  Marine  
  124  15:47  Marine  
  122  15:50  Supply Depot, Marine  
  122  15:54  Supply Depot  
  122  15:55  Supply Depot, Marine x3  
  122  15:57  Medivac x2  
  128  16:02  Marauder  
  128  16:03  Marauder, Marine  
  128  16:04  SCV, Marauder, Marine  
  137  16:06  Marauder  
  137  16:07  Siege Tank x2  
  147  16:15  Ghost Academy  
  147  16:16  SCV  
  148  16:24  Marauder  
  148  16:25  Marauder x2  
  154  16:27  Medivac, Marauder  
  154  16:28  SCV  
  159  16:39  Siege Tank x2  
  165  16:40  SCV  
  153  16:53  Marine x3  
  153  16:54  Ghost, Marine x4  
  146  16:55  Marauder x2  
  146  17:01  Orbital Command  
  155  17:11  Siege Tank x2  
  155  17:12  Marauder  
  163  17:17  Marauder  
  123  17:37  Personal Cloaking  
  123  17:40  Marine x5  
  123  17:41  Marauder x4, Marine  
  123  17:43  Siege Tank x2  
  139  17:44  SCV x3, Refinery  
  139  17:45  SCV  
  139  17:46  Refinery  
  141  17:58  Marine x5  
  139  17:59  Marine  
  139  18:02  Marine x2  
  139  18:03  Marauder x2  
  135  18:15  Siege Tank  
  135  18:16  Marine  
  138  18:20  Marauder x2  
  138  18:24  Marauder, Marine x6  
  144  18:33  Marine  
  145  18:42  Marauder x2, Marine x4  
  145  18:43  Marauder  
  145  18:44  Marine  
  145  18:46  Marauder  
  158  18:51  Marine  
Show
View Real Time Build Order
Export as new Build Order

Munte Zerg - Winner!

Build Orders: Hatch First 

Get SALT Encoding   

  12  0:05  Drone  
  13  0:12  Overlord  
  13  0:17  Drone  
  14  0:30  Drone x2  
  16  0:52  Hatchery  
  16  0:53  Drone  
  16  0:56  Drone  
  17  1:01  Drone  
  18  1:11  Extractor  
  17  1:16  Spawning Pool  
  16  1:22  Drone  
  16  1:24  Drone  
  18  1:32  Drone  
  19  1:42  Overlord  
  19  1:55  Drone  
  20  2:04  Queen x2  
  20  2:05  Zergling x4  
  26  2:12  Metabolic Boost  
  26  2:15  Drone  
  27  2:18  Drone  
  28  2:29  Zergling x4  
  30  2:37  Drone x2  
  32  2:53  Drone x2  
  34  3:02  Drone x2  
  34  3:05  Hatchery  
  35  3:12  Drone  
  36  3:13  Overlord  
  36  3:14  Overlord  
  36  3:34  Drone  
  36  3:35  Drone x5  
  41  3:45  Queen x2  
  45  3:52  Evolution Chamber  
  45  3:53  Evolution Chamber  
  43  3:56  Roach Warren  
  42  4:05  Drone x7  
  49  4:12  Extractor  
  49  4:15  Extractor  
  47  4:18  Zerg Missile Weapons Level 1  
  47  4:19  Zerg Ground Armor Level 1  
  47  4:22  Drone x3  
  50  4:26  Drone x2  
  50  4:27  Drone  
  53  4:33  Lair  
  53  4:51  Roach x3  
  58  4:53  Overlord  
  58  4:54  Overlord  
  58  4:55  Overlord  
  58  5:15  Queen  
  60  5:24  Roach x3  
  60  5:25  Roach x6  
  78  5:32  Glial Reconstitution  
  74  5:45  Spore Crawler  
  74  5:47  Queen  
  75  5:54  Extractor  
  74  5:59  Spore Crawler  
  74  6:02  Roach  
  74  6:03  Roach x3  
  81  6:09  Overlord  
  81  6:10  Overlord  
  81  6:20  Spore Crawler  
  81  6:25  Drone x2  
  82  6:34  Overlord  
  82  6:48  Zerg Ground Armor Level 2, Zerg Missile Weapons Level 2  
  82  6:53  Drone x3  
  85  6:55  Drone x6  
  85  6:56  Drone x10  
  101  7:16  Pneumatized Carapace  
  101  7:41  Overlord x3  
  101  7:42  Extractor  
  101  7:44  Extractor  
  99  7:55  Overlord  
  99  7:58  Hydralisk Den  
  99  8:02  Drone  
  99  8:03  Drone  
  99  8:04  Baneling Nest  
  99  8:05  Spine Crawler  
  98  8:06  Drone  
  98  8:07  Drone x2  
  98  8:08  Drone x3  
  98  8:20  Hatchery  
  98  8:23  Roach x7  
  98  8:24  Roach x6  
  101  8:37  Drone x4  
  99  8:50  Centrifical Hooks  
  99  8:52  Muscular Augments  
  99  9:04  Zerg Melee Weapons Level 1  
  99  9:05  Hydralisk  
  99  9:06  Hydralisk x9  
  99  9:08  Overlord, Spore Crawler  
  118  9:10  Overlord  
  118  9:11  Overlord  
  116  9:21  Spore Crawler  
  116  9:23  Spore Crawler  
  112  9:29  Hydralisk  
  112  9:30  Hydralisk x7  
  128  9:40  Overlord  
  128  9:41  Overlord  
  128  9:49  Zergling x2  
  128  9:50  Zergling x16  
  137  9:58  Infestation Pit  
  136  10:04  Grooved Spines  
  136  10:18  Drone x2  
  136  10:19  Drone  
  136  10:20  Drone x5  
  144  10:23  Hydralisk  
  144  10:24  Hydralisk x7  
  160  10:36  Overlord  
  160  10:37  Overlord x4  
  145  11:04  Hydralisk  
  145  11:05  Hydralisk x15  
  165  11:19  Overlord  
  155  11:25  Spore Crawler  
  155  11:28  Spore Crawler  
  155  11:30  Drone  
  155  11:31  Drone x8  
  155  11:32  Spine Crawler  
  161  11:39  Hive  
  161  11:42  Spine Crawler  
  161  11:43  Spine Crawler  
  161  11:45  Spine Crawler  
  158  11:51  Extractor  
  158  11:53  Extractor  
  156  12:04  Hydralisk  
  156  12:05  Hydralisk x6  
  170  12:10  Hatchery  
  169  12:22  Zergling x12  
  175  12:23  Zergling x20  
  185  12:35  Zergling x2  
  185  12:36  Zergling x20  
  140  13:04  Drone x3  
  140  13:05  Drone x3  
  146  13:10  Ultralisk Cavern  
  144  13:13  Lurker Den  
  144  13:14  Zerg Ground Armor Level 3, Zerg Missile Weapons Level 3  
  125  13:22  Zergling x4  
  125  13:23  Zergling x30  
  132  13:38  Drone x5  
  132  13:39  Drone x3  
  140  13:52  Spore Crawler  
  140  13:53  Spine Crawler  
  140  13:54  Adrenal Glands, Spore Crawler  
  137  13:58  Chitinous Plating  
  137  14:00  Evolution Chamber  
  136  14:03  Ultralisk  
  136  14:05  Ultralisk  
  148  14:23  Ultralisk x2  
  160  14:25  Zerg Melee Weapons Level 2  
  158  14:31  Ultralisk  
  158  14:37  Baneling  
  158  14:38  Baneling x16  
  164  14:39  Baneling  
  164  14:47  Zergling x2  
  164  14:48  Zergling x16  
  173  14:56  Ultralisk  
  179  15:02  Zergling x6  
  179  15:03  Zergling x8  
  180  15:17  Anabolic Synthesis  
  173  15:26  Ultralisk  
  173  15:27  Ultralisk x2  
  152  15:37  Hydralisk  
  152  15:38  Hydralisk x6  
  151  16:11  Hatchery  
  151  16:14  Seismic Spines  
  151  16:17  Lurker  
  151  16:18  Lurker x9  
  160  16:32  Extractor  
  159  16:38  Hydralisk x5  
  159  16:39  Hydralisk x13  
  171  16:50  Zergling x18  
  174  16:57  Hydralisk x3  
  180  17:11  Adaptive Talons  
  180  17:15  Hydralisk x8  
  185  17:32  Hydralisk x7  
  141  18:15  Zergling x26  
  141  18:16  Zergling x32  
  148  18:45  Zergling x24, Extractor  
  148  18:46  Zergling x8  
  148  18:47  Baneling  
  148  18:48  Baneling x25  
  163  18:49  Baneling x14  
  163  18:55  Overlord x2  
  163  19:01  Zergling x10  
  167  19:16  Unknown  
Tags
 
Add a new tag
Caveats
  • Supply blocks, unpowered buildings, or Contaminate may cause inaccurate times.
  • Supply counts are checked every 10 seconds.